 Dungeon Crawl Stone Soup version 0.21-a0-630-g344d351 (webtiles) character file.

18314 Firecrotchwizard the Fencer (level 12, -14/110 HPs)
             Began as a Minotaur Gladiator on Dec 25, 2017.
             Was a High Priest of Okawaru.
             Killed from afar by a raiju (19 damage)
             ... with a living lightning
             ... on level 2 of the Abyss.
             The game lasted 00:31:14 (12466 turns).

Firecrotchwizard the Fencer (Minotaur Gladiator)   Turns: 12466, Time: 00:31:15

Health: -14/110    AC: 14    Str: 19    XL:     12   Next: 26%
Magic:  11/11      EV: 20    Int:  7    God:    Okawaru [*****.]
Gold:   300        SH:  0    Dex: 19    Spells: 11/11 levels left

rFire    + . .     SeeInvis .   U - +6 long sword "Bitileze" {slice, *Contam rC+ Int+2 Stlth+}
rCold    + . .     Gourm    .   (no shield)
rNeg     . . .     Faith    .   Z - +1 scale mail {rF+}
rPois    .         Spirit   .   c - +0 hat
rElec    .         Reflect  .   B - +0 cloak
rCorr    .         Harm     .   G - +0 pair of gloves
MR       .....                  E - +0 pair of boots
Stlth    +.........             J - amulet of rage {+Rage, !d}
HPRegen  0.28/turn              X - +2 ring of evasion
MPRegen  0.12/turn              g - +2 ring of dexterity

@: no status effects
A: retaliatory headbutt, horns 2
a: Heroism, Finesse, Renounce Religion, Evoke Berserk Rage


You were on level 2 of the Abyss.
You worshipped Okawaru.
Okawaru was extremely pleased with you.
You were not hungry.

You visited 2 branches of the dungeon, and saw 12 of its levels.
You visited the Abyss 1 time.
You also visited: Labyrinth.

You collected 480 gold pieces.
You spent 180 gold pieces at shops.

Inventory:

Hand Weapons
 a - a +3 scimitar
   (You took it off a wight on level 8 of the Dungeon)
 b - a +0 blowgun
   (You took it off a kobold on level 3 of the Dungeon)
 M - a +1 great sword
   (You took it off a wight on level 9 of the Dungeon)
 U - the +6 long sword "Bitileze" (weapon) {slice, *Contam rC+ Int+2 Stlth+}
   (You found it in a labyrinth)

   It inflicts extra damage upon your enemies.
   It affects your intelligence (+2).
   It protects you from cold.
   It causes magical contamination when unequipped.
   It makes you more stealthy.
Missiles
 d - 4 throwing nets {=f, !d}
 h - 3 steel tomahawks (quivered)
 u - 10 curare-tipped needles
 A - 70 poisoned needles
Armour
 c - a +0 hat (worn)
 B - a +0 cloak (worn)
   (You took it off Crazy Yiuf on level 6 of the Dungeon)
 E - a +0 pair of boots (worn)
   (You found it on level 5 of the Dungeon)
 G - a +0 pair of gloves (worn)
   (You found it on level 5 of the Dungeon)
 P - the +0 scale mail of Okawaru's Favour {rC+ Dex+2}
   (Okawaru gifted it to you on level 10 of the Dungeon)

   It affects your dexterity (+2).
   It protects you from cold.
 V - a +3 scale mail
   (You found it in a labyrinth)
 Z - a +1 scale mail of fire resistance (worn)
   (You found it in a labyrinth)
Jewellery
 g - a +2 ring of dexterity (right hand)
   (You found it on level 2 of the Dungeon)
 i - an uncursed ring of ice {rC+, rF-}
   (You found it on level 1 of the Dungeon)
 m - an uncursed ring of positive energy {rN+}
   (You found it on level 1 of the Dungeon)
 J - an amulet of rage (around neck) {+Rage, !d}
   (You found it on level 9 of the Dungeon)
 K - the ring of Egomania {rElec rPois rC+ Int+4 Slay-4}
   (You found it on level 9 of the Dungeon)

   [ring of protection from cold]

   It affects your intelligence (+4).
   It affects your accuracy and damage with ranged weapons and melee attacks
   (-4).
   It protects you from cold.
   It insulates you from electricity.
   It protects you from poison.
 N - an uncursed ring of fire {rF+, rC-}
   (You took it off a wight on level 8 of the Dungeon)
 X - a +2 ring of evasion (left hand)
   (You found it in a labyrinth)
 Y - an uncursed ring of protection from fire {rF+, !d}
   (You found it in a labyrinth)
Wands
 w - a wand of polymorph (50)
   (You found it on level 5 of the Dungeon)
 C - a wand of enslavement (12)
   (You found it on level 7 of the Dungeon)
 O - a wand of disintegration (10) {@e1}
   (You took it off a wight on level 8 of the Dungeon)
 R - a wand of scattershot (8)
   (You found it on level 10 of the Dungeon)
Scrolls
 o - a scroll of enchant weapon
 r - 5 scrolls of fog
 t - 3 scrolls of amnesia
 y - 2 scrolls of magic mapping {!r}
 D - 2 scrolls of identify
 Q - a scroll of remove curse
Potions
 e - 2 potions of haste
 j - 2 potions of invisibility {unknown}
 k - 2 potions of ambrosia
 l - 4 potions of magic
 n - 5 potions of cancellation
 p - 4 potions of agility
 q - a potion of lignification {unknown}
 v - a potion of degeneration {unknown}
 x - a potion of mutation {unknown}
 z - 6 potions of curing
 F - a potion of heal wounds
 H - a potion of might
Books
 s - a book of Minor Magic
   (You found it on level 3 of the Dungeon)
 I - a book of Party Tricks
   (You found it on level 9 of the Dungeon)
 T - a book of Battle
   (You found it in a labyrinth)
 W - Appyor's Papyrus of Confrontation
   (You found it in a labyrinth)

   Spells                             Type                      Level
   a - Conjure Flame                  Conjuration/Fire             3
   b - Bolt of Draining               Conjuration/Necromancy       5
   c - Bolt of Cold                   Conjuration/Ice              6
Comestibles
 f - 23 rations {@e1}


   Skills:
 + Level 11.1 Fighting
 * Level 15.0 Long Blades
 - Level 2.0 Throwing
 + Level 10.8 Armour
 + Level 10.5 Dodging


You had 11 spell levels left.
You didn't know any spells.

Dungeon Overview and Level Annotations

Branches:
Dungeon (11/15)            Temple (1/1) D:5            Lair (0/6) D:11
    Orc (0/2) D:10

Altars:
Ashenzari
Cheibriados
Dithmenos
Elyvilon
Fedhas
Gozag
Hepliaklqana
Kikubaaqudgha
Makhleb
Nemelex Xobeh
Okawaru
Qazlal
Ru
Sif Muna
Trog
Uskayaw
Vehumet
Wu Jian
Xom
Yredelemnul
Zin
The Shining One

Shops:
D:7 !

Annotations:
D:11 Sonja


Innate Abilities, Weirdness & Mutations

You reflexively headbutt those who attack you in melee.
You have a pair of horns on your head.


Message History

MP restored: 11 You hit the ancient zyme.
You headbutt the ancient zyme.
You destroy the ancient zyme!
Okawaru accepts your kill.
You start resting.
Eating a chunk of flesh {@w0}.
You eat the chunk of flesh {@w0}.
You are suddenly pulled into a different region of the Abyss!
You start resting.
You feel your health improve.
You start resting.
A small abomination comes into view.
You regained 11 hp, and now have 46/108 hp.
You start resting.
You hit the small abomination but do no damage.
You slash the small abomination! The small abomination misses you.
You furiously retaliate!
You headbutt the small abomination, but do no damage.
You closely miss the small abomination.
The small abomination completely misses you.
You furiously retaliate!
You headbutt the small abomination! You hit the small abomination.
You destroy the small abomination!
Okawaru accepts your kill.
You start resting.
A deep elf sorcerer comes into view. It is wielding a dagger.
You regained 23 hp, and now have 71/108 hp.
You catch the helpless deep elf sorcerer completely off-guard!
You slash the deep elf sorcerer!
Your headbutt misses the deep elf sorcerer.
The deep elf sorcerer hits you with a dagger.
You take 4 damage, and have 67/108 hp.
You closely miss the deep elf sorcerer.
The deep elf sorcerer completely misses you.
You hit the deep elf sorcerer.
The deep elf sorcerer closely misses you.
You riposte.
You slash the deep elf sorcerer!
You headbutt the deep elf sorcerer, but do no damage.
You slash the deep elf sorcerer! You slash the deep elf sorcerer!
Your headbutt misses the deep elf sorcerer.
The deep elf sorcerer points at you and mumbles some strange words.
You wobble for a moment.
You hear a bark!
You hit the deep elf sorcerer.
You kill the deep elf sorcerer!
Okawaru is honoured by your kill.
Your Fighting skill increases to level 11!
Your Long Blades skill increases to level 15!
You hear a bark! x2
A raiju comes into view.
You see here a dagger.
A raiju comes into view.
The raiju barks!
You hear a chilling moan.
You slash the raiju!
You headbutt the raiju, but do no damage.
The raiju barely misses you. You furiously retaliate!
You headbutt the raiju! The raiju closely misses you. You furiously retaliate!
You headbutt the raiju!
You riposte.
You hit the raiju. Your headbutt misses the raiju. You slash the raiju!
You kill the raiju!
Okawaru accepts your kill. The raiju misses you.
You riposte.
You slash the raiju! Your headbutt misses the raiju. You slash the raiju!
You kill the raiju!
Okawaru accepts your kill.
A raiju comes into view.
The raiju barks!
The raiju bursts into living lightning!
The living lightning hits you!
The raiju blinks!
You see here a raiju corpse.
You take 13 damage, and have 58/110 hp.
You butcher the raiju corpse.
A ynoxinul comes into view.
Things that are here:
2 chunks of flesh {@w0}; a raiju skeleton You see here a raiju corpse.
You hit the raiju. You headbutt the raiju! The raiju completely misses you.
You hit the raiju.
The raiju bursts into living lightning!
The living lightning hits you! The living lightning misses you.
The raiju blinks!
You take 19 damage, and have 40/110 hp.
The ynoxinul gestures.
The raiju bursts into living lightning!
The living lightning hits you!
* * * LOW HITPOINT WARNING * * *
The living lightning misses you.
The raiju blinks! x2
Things that are here:
2 chunks of flesh {@w0}; a raiju skeleton You take 22 damage, and have 18/110 hp.
You barely miss the raiju. The raiju bites you.
* * * LOW HITPOINT WARNING * * *
The raiju shocks you!
* * * LOW HITPOINT WARNING * * *
You take 13 damage, and have 5/110 hp.
You miss the raiju. You closely miss the raiju.
The raiju bursts into living lightning!
The living lightning hits you!
You die...

. #.. #.. ### #.#
#.# #.###.# #
#...@.## .#
#..##3h5#.. #
#...#5#)..#...#
#.#...#......#...
....#..##.#.#..#
###.### ######..
. # . .# . . . #
.#


You could see a raiju, a ynoxinul and 2 ufetubi.

Vanquished Creatures
  A tentacled starspawn (Abyss:2)
  A deep elf sorcerer (Abyss:2)
  A minotaur (Lab)
  Fannar (D:10)
  2 two-headed ogres
  Nergalle (D:10)
  The ghost of Buffagor the Carver, a novice FoFi of Okawaru (D:7)
  An unseen horror (D:10)
  The ghost of keipra the Grappler, a novice DrTm of Okawaru (D:8)
  An ugly thing (D:11)
  Maurice (D:10)
  A gargoyle (D:10)
  A centaur skeleton (D:10)
  A kobold demonologist (D:9)
  An ancient zyme (Abyss:2)
  A hornet (D:7)
  Prince Ribbit (D:5)
  2 raiju (Abyss:2)
  A hippogriff (D:8)
  Sigmund (D:5)
  A spriggan (D:7)
  A wraith (D:10)
  A wyvern (D:10)
  2 small abominations (Abyss:2)
  6 yaks
  Grum (D:10)
  Edmund (D:6)
  A porcupine (D:11)
  3 orc warriors
  A phantom (D:9)
  4 ice beasts
  A sky beast (D:11)
  A black bear (D:11)
  5 ogres
  3 wolves (D:10)
  4 centaurs
  12 big kobolds
  Blork the orc (D:6)
  6 bullfrogs
  2 gnoll sergeants
  6 scorpions
  A water moccasin skeleton (D:8)
  A jelly (D:11)
  7 wights
  6 howler monkeys
  5 crimson imps
  A centaur zombie (D:7)
  A bullfrog zombie (D:9)
  A gnoll shaman (D:9)
  3 hounds
  9 orc priests
  Crazy Yiuf (D:6)
  3 bullfrog skeletons
  2 iguanas
  7 orc wizards
  9 worker ants
  14 adders
  21 gnolls
  A howler monkey skeleton (D:5)
  A shadow imp (D:5)
  An ooze (D:1)
  2 adder zombies
  2 adder skeletons
  4 worms
  5 dart slugs
  5 leopard geckos
  32 orcs
  4 ball pythons
  11 bats
  6 giant cockroaches
  10 goblins
  8 hobgoblins
  23 jackals
  23 kobolds
  10 quokkas
  3 frilled lizards
  A jackal skeleton (D:4)
  A quokka zombie (D:8)
  5 rats
335 creatures vanquished.

Vanquished Creatures (others)
  A howler monkey (D:5)
  A frilled lizard (D:5)
  4 starspawn tentacles (Abyss:2)
6 creatures vanquished.

Grand Total: 341 creatures vanquished

Notes
Turn   | Place    | Note
-------+----------+-------------------------------------------
     0 | D:1      | Firecrotchwizard the Minotaur Gladiator began the quest for the Orb.
     0 | D:1      | Reached XP level 1. HP: 18/18 MP: 0/0
    61 | D:1      | Reached XP level 2. HP: 24/25 MP: 1/1
    64 | D:1      | Reached skill level 4 in Long Blades
    73 | D:1      | Reached skill level 1 in Armour
   345 | D:1      | Reached XP level 3. HP: 19/30 MP: 2/2
   949 | D:2      | Reached skill level 3 in Fighting
   972 | D:2      | Found a deep blue altar of Sif Muna.
   996 | D:2      | Reached XP level 4. HP: 34/38 MP: 3/3
  1004 | D:2      | Reached skill level 2 in Armour
  1602 | D:2      | Reached skill level 4 in Dodging
  1718 | D:2      | Reached skill level 5 in Long Blades
  1969 | D:3      | Reached XP level 5. HP: 42/45 MP: 4/4
  3122 | D:4      | Reached skill level 3 in Armour
  3122 | D:4      | Reached XP level 6. HP: 41/52 MP: 5/5
  3124 | D:4      | Reached skill level 4 in Fighting
  3124 | D:4      | Reached skill level 6 in Long Blades
  3149 | D:3      | HP: 13/52 [poisoned by a worker ant]
  3156 | D:3      | HP: 12/52 [poisoned by a worker ant]
  3164 | D:3      | HP: 12/52 [poisoned by a worker ant]
  3560 | D:4      | Found a shattered altar of Ashenzari.
  3750 | D:4      | Found a burning altar of Makhleb.
  3999 | D:5      | Entered Level 5 of the Dungeon
  4188 | D:5      | Noticed Sigmund
  4217 | D:5      | Killed Sigmund
  4217 | D:5      | Reached skill level 7 in Long Blades
  4217 | D:5      | Reached skill level 4 in Armour
  4217 | D:5      | Reached skill level 5 in Dodging
  4217 | D:5      | Reached XP level 7. HP: 36/60 MP: 6/6
  4488 | D:5      | Found a staircase to the Ecumenical Temple.
  4493 | Temple   | Entered the Ecumenical Temple
  4661 | D:5      | Found a shimmering altar of Xom.
  4700 | D:5      | Noticed Prince Ribbit
  4715 | D:5      | Killed Prince Ribbit
  4715 | D:5      | Reached skill level 5 in Fighting
  5033 | D:6      | Found a sparkling altar of Nemelex Xobeh.
  5038 | D:6      | Reached XP level 8. HP: 64/68 MP: 7/7
  5071 | D:6      | Reached skill level 8 in Long Blades
  5229 | D:6      | Reached skill level 5 in Armour
  5430 | D:6      | Noticed Blork the orc
  5444 | D:6      | Killed Blork the orc
  5571 | D:6      | Found an iron altar of Okawaru.
  5572 | D:6      | Found a sacrificial altar of Ru.
  5574 | D:6      | Found a bloodstained altar of Trog.
  5579 | D:6      | Became a worshipper of Warmaster Okawaru
  5586 | D:6      | Reached skill level 6 in Dodging
  5601 | D:6      | Reached skill level 6 in Fighting
  5606 | D:6      | Reached skill level 9 in Long Blades
  5892 | D:6      | Noticed Edmund
  5902 | D:6      | Killed Edmund
  5902 | D:6      | Reached * piety under Okawaru
  6467 | D:6      | Found a runed door.
  6655 | D:6      | Noticed Crazy Yiuf
  6662 | D:6      | Killed Crazy Yiuf
  6662 | D:6      | Reached skill level 6 in Armour
  7022 | D:7      | Reached XP level 9. HP: 74/78 MP: 5/8
  7102 | D:7      | Reached skill level 10 in Long Blades
  7144 | D:7      | Found Zimen's Distillery.
  7159 | D:7      | Bought a potion of haste for 120 gold pieces
  7159 | D:7      | Bought a potion of heal wounds for 60 gold pieces
  7200 | D:7      | Paralysed by a hornet for 1 turns
  7207 | D:7      | Reached ** piety under Okawaru
  7207 | D:7      | Reached skill level 7 in Fighting
  7207 | D:7      | Reached skill level 7 in Dodging
  7438 | D:7      | Noticed Buffagor's ghost (novice FoFi)
  7456 | D:7      | Killed Buffagor's ghost
  7456 | D:7      | Reached skill level 7 in Armour
  7596 | D:7      | Found a deep blue altar of Sif Muna.
  7916 | D:8      | Reached skill level 11 in Long Blades
  7931 | D:8      | Reached *** piety under Okawaru
  7941 | D:8      | Noticed keipra's ghost (novice DrTm)
  7941 | D:8      | Reached skill level 8 in Fighting
  7963 | D:8      | HP: 19/81 [keipra's ghost (5)]
  7965 | D:8      | Killed keipra's ghost
  7965 | D:8      | Reached skill level 8 in Dodging
  7965 | D:8      | Reached XP level 10. HP: 21/88 MP: 7/9
  8305 | D:8      | Found an iron altar of Okawaru.
  8456 | D:9      | Reached skill level 8 in Armour
  8474 | D:9      | Got a warped ivory ring
  8488 | D:9      | Identified the ring of Egomania {rElec rPois rC+ Int+4 Slay-4} (You found it on level 9 of the Dungeon)
  8495 | D:9      | Received a gift from Okawaru
  8568 | D:9      | Reached skill level 12 in Long Blades
  8891 | D:9      | Reached **** piety under Okawaru
  8908 | D:9      | Noticed a sun demon
  8909 | D:9      | Noticed a smoke demon
  8921 | D:9      | Reached skill level 9 in Fighting
  9350 | D:9      | Noticed a two-headed ogre
  9365 | D:9      | Killed a two-headed ogre
  9365 | D:9      | Reached skill level 9 in Armour
  9365 | D:9      | Reached skill level 9 in Dodging
  9954 | D:10     | Entered Level 10 of the Dungeon
 10019 | D:10     | Reached XP level 11. HP: 95/97 MP: 10/10
 10065 | D:10     | HP: 21/97 [something (5)]
 10067 | D:10     | Killed an unseen horror
 10067 | D:10     | Reached ***** piety under Okawaru
 10067 | D:10     | Received a gift from Okawaru
 10067 | D:10     | Reached skill level 13 in Long Blades
 10422 | D:10     | Noticed Grum
 10433 | D:10     | Noticed Maurice
 10457 | D:10     | Killed Maurice
 10504 | D:10     | Noticed Nergalle
 10518 | D:10     | Killed Nergalle
 10565 | D:10     | Found a shattered altar of Ashenzari.
 10594 | D:10     | Noticed a two-headed ogre
 10600 | D:10     | Killed a two-headed ogre
 10647 | D:10     | Killed Grum
 10647 | D:10     | Received a gift from Okawaru
 10647 | D:10     | Reached skill level 10 in Fighting
 10648 | D:10     | Got a distressingly furry scale mail {god gift}
 10659 | D:10     | Identified the +0 scale mail of Okawaru's Favour {rC+ Dex+2} (Okawaru gifted it to you on level 10 of the Dungeon)
 10863 | D:10     | Found a staircase to the Orcish Mines.
 10951 | D:10     | Noticed Fannar
 10966 | D:10     | Killed Fannar
 10997 | D:10     | Reached skill level 14 in Long Blades
 11319 | D:10     | Reached skill level 10 in Armour
 11605 | D:11     | Found a labyrinth entrance.
 11614 | Lab      | Entered a labyrinth
 11722 | Lab      | Noticed a minotaur
 11732 | Lab      | Killed a minotaur
 11732 | Lab      | Reached skill level 10 in Dodging
 11741 | Lab      | Identified Appyor's Papyrus of Confrontation
 11742 | Lab      | Got a twisted long sword
 11743 | Lab      | Identified the +6 long sword "Bitileze" {slice, *Contam rC+ Int+2 Stlth+} (You found it in a labyrinth)
 12103 | D:11     | Noticed a white ugly thing
 12108 | D:11     | Killed a white ugly thing
 12173 | D:11     | Noticed Sonja
 12180 | D:11     | Cast into level 2 of the Abyss (Sonja)
 12211 | Abyss:2  | Noticed a tentacled starspawn
 12234 | Abyss:2  | Killed a tentacled starspawn
 12234 | Abyss:2  | Reached XP level 12. HP: 35/108 MP: 11/11
 12446 | Abyss:2  | Noticed a deep elf sorcerer
 12451 | Abyss:2  | Killed a deep elf sorcerer
 12451 | Abyss:2  | Reached skill level 11 in Fighting
 12451 | Abyss:2  | Reached skill level 15 in Long Blades
 12462 | Abyss:2  | HP: 18/110 [raiju/living lightning (22)]
 12464 | Abyss:2  | HP: 5/110 [raiju (8)]
 12466 | Abyss:2  | Killed from afar by a raiju

Vault maps used:
D:1:      matt_arrival_los_fun, minmay_misc_feat_square, minmay_crystal_room,
          minmay_tetromino_o4
D:2:      lemuel_round_altar, first_ration, lightli_corner_chamber
D:4:      nicolae_overflow_crystal_walls, lemuel_crystal_altar
D:5:      temple_doors_ab, xom_confusion_cloud, uniq_sigmund,
          uniq_prince_ribbit1
D:6:      grunt_temple_overflow_open, basic_altar, uniq_crazy_yiuf_cottage,
          uniq_edmund, uniq_blork_the_orc
D:7:      serial_shops, shop, serial_bayou_pond_e, the_bakery, led_sif_pool
D:8:      okawaru_gym_becter
D:9:      serial_corexii_hall, corexii_hall_statues_i, corexii_hall_statues_x,
          special_room
D:10:     orc_0_dummy, nicolae_ashenzari_panopticon, uniq_grum, uniq_nergalle,
          uniq_fannar, uniq_maurice
D:11:     grunt_lair_entry_orc_guard_hut, serial_glass, glass_columns_b,
          glass_columns_a, lab_entry_generic, evilmike_surprise_oklob,
          uniq_sonja
Temple:   compressed_dpeg_circular_temple
Lab:      labyrinth_mini_lab, labyrinth_lava_lair, lab_block,
          nicolae_lab_grate_2

Skill      XL: |  1  2  3  4  5  6  7  8  9 10 11 12 |
---------------+-------------------------------------+-----
Long Blades    | 4 5 7 9 11 12 14 15 | 15.0
Armour         | 1 2 3 4 6 7 9 10 | 10.8
Fighting       | 3 4 5 6 8 9 10 11 | 11.1
Dodging        | 4 5 6 8 9 10 | 10.5
Throwing       | |  2.0

Action                   |  1- 3 |  4- 6 |  7- 9 | 10-12 || total
-------------------------+-------+-------+-------+-------++-------
Melee: Long sword        |    57 |   137 |   257 |    76 ||   527
       Headbutt          |    13 |    37 |    69 |   131 ||   250
       Punch             |       |       |     1 |     1 ||     2
       Scimitar          |       |       |       |   341 ||   341
       Great sword       |       |       |       |     2 ||     2
 Fire: Blowgun           |       |       |       |     1 ||     1
Throw: Tomahawk          |       |       |       |    55 ||    55
Invok: Heroism           |       |       |     3 |     2 ||     5
  Use: Scroll            |       |     7 |     7 |     6 ||    20
       Potion            |       |       |       |     1 ||     1
 Stab: Distracted        |       |       |       |     1 ||     1
  Eat: Chunk             |       |     9 |     7 |    11 ||    27
       Ration            |       |     1 |     1 |     1 ||     3
Armor: Leather armour    |     4 |       |       |       ||     4
       Ring mail         |    24 |    36 |    56 |    78 ||   194
       Scale mail        |       |       |       |    44 ||    44
Dodge: Dodged            |    52 |   113 |   142 |   256 ||   563
Block: Buckler           |       |       |    17 |    11 ||    28
       Rpst.: Long sword |    16 |    35 |    41 |    13 ||   105
       Scimitar          |       |       |       |    51 ||    51

Table legend:
 A = Spawn XP
 B = Non-spawn XP
 C = Spawn XP percentage of total XP
 D = Spawn monster count
 E = Non-spawn monster count
 F = Spawn count percentage of total count
 G = Total turns spent on level
                    A         B        C        D         E        F      G
               +---------+---------+-------+---------+---------+-------+---------
         Total |    4863 |   21301 |  18.6 |       6 |     329 |   1.8 | 12466
               +---------+---------+-------+---------+---------+-------+---------
           D:1 |       0 |      64 |   0.0 |       0 |      28 |   0.0 |   932
           D:2 |       0 |      96 |   0.0 |       0 |      23 |   0.0 |   846
           D:3 |       0 |     113 |   0.0 |       0 |      29 |   0.0 |  1467
           D:4 |       0 |     346 |   0.0 |       0 |      27 |   0.0 |   840
           D:5 |       0 |     745 |   0.0 |       0 |      16 |   0.0 |   946
           D:6 |       0 |    1269 |   0.0 |       0 |      20 |   0.0 |  1931
           D:7 |       0 |    1787 |   0.0 |       0 |      30 |   0.0 |   821
           D:8 |       0 |    2183 |   0.0 |       0 |      33 |   0.0 |   759
           D:9 |       0 |    4071 |   0.0 |       0 |      56 |   0.0 |  1308
          D:10 |       0 |    7149 |   0.0 |       0 |      39 |   0.0 |  1411
          D:11 |       0 |    2082 |   0.0 |       0 |      26 |   0.0 |   553
       Abyss:2 |    4863 |     318 |  93.9 |       6 |       1 |  85.7 |   286
           Lab |       0 |    1078 |   0.0 |       0 |       1 |   0.0 |   262
               +---------+---------+-------+---------+---------+-------+---------

Vault maps used:
D:1:      matt_arrival_los_fun, minmay_misc_feat_square, minmay_crystal_room,
          minmay_tetromino_o4
D:2:      lemuel_round_altar, first_ration, lightli_corner_chamber
D:4:      nicolae_overflow_crystal_walls, lemuel_crystal_altar
D:5:      temple_doors_ab, xom_confusion_cloud, uniq_sigmund,
          uniq_prince_ribbit1
D:6:      grunt_temple_overflow_open, basic_altar, uniq_crazy_yiuf_cottage,
          uniq_edmund, uniq_blork_the_orc
D:7:      serial_shops, shop, serial_bayou_pond_e, the_bakery, led_sif_pool
D:8:      okawaru_gym_becter
D:9:      serial_corexii_hall, corexii_hall_statues_i, corexii_hall_statues_x,
          special_room
D:10:     orc_0_dummy, nicolae_ashenzari_panopticon, uniq_grum, uniq_nergalle,
          uniq_fannar, uniq_maurice
D:11:     grunt_lair_entry_orc_guard_hut, serial_glass, glass_columns_b,
          glass_columns_a, lab_entry_generic, evilmike_surprise_oklob,
          uniq_sonja
Temple:   compressed_dpeg_circular_temple
Lab:      labyrinth_mini_lab, labyrinth_lava_lair, lab_block,
          nicolae_lab_grate_2

Table legend:
 A = Turns spent in this place as a percentage of turns spent in the entire game.
 B = Non-inter-level travel turns spent in this place as a percentage of non-inter-level travel turns spent in the entire game.
 C = Inter-level travel turns spent in this place as a percentage of turns spent in this place.
 D = Turns resting spent in this place as a percentage of non-inter-level travel turns spent in this place.
 E = Turns spent auto-exploring this place as a percentage of non-inter-level travel turns spent in this place.
 F = Non-inter-level travel turns spent in this place divided by the number of levels of this place that you've seen.
                   A       B       C       D       E      F
               +-------+-------+-------+-------+-------+----------------------
         Total | 100.0 | 100.0 |   4.1 |  34.8 |  46.6 | 854.1
       Dungeon |  94.8 |  94.7 |   4.1 |  33.8 |  48.4 | 1029.5
        Temple |   0.8 |   0.7 |  18.3 |   0.0 |  98.8 |  85.0
         Abyss |   2.3 |   2.4 |   0.0 |  73.4 |   0.0 | 286.0
     Labyrinth |   2.1 |   2.2 |   0.0 |  47.3 |   0.0 | 262.0
               +-------+-------+-------+-------+-------+----------------------

Table legend:
 A = Kills in this place as a percentage of kills in entire the game.
 B = Kills by you in this place as a percentage of kills by you in the entire game.
 C = Kills by friends in this place as a percentage of kills by friends in the entire game.
 D = Other kills in this place as a percentage of other kills in the entire game.
 E = Experience gained in this place as a percentage of experience gained in the entire game.
 F = Experience gained in this place divided by the number of levels of this place that you have seen.
                   A       B       C       D       E      F
               +-------+-------+-------+-------+-------+----------------------
         Total | 100.0 | 100.0 |   N/A |   N/A | 100.0 | 1868.9
       Dungeon |  97.6 |  97.6 |   N/A |   N/A |  76.1 | 1809.5
         Abyss |   2.1 |   2.1 |   N/A |   N/A |  19.8 | 5181.0
     Labyrinth |   0.3 |   0.3 |   N/A |   N/A |   4.1 | 1078.0
               +-------+-------+-------+-------+-------+----------------------
